 Seeded DCSS version 0.29-a0-575-g0dc89cf053 (webtiles) character file.

Game seed: 8572682691686822440 (custom seed)

536 happo123 the Sneak (level 7, -5/39 HPs)
             Began as a Vampire Enchanter on June 12, 2022.
             Slain by Menkaure (22 damage)
             ... on level 4 of the Dungeon.
             The game lasted 00:10:26 (3164 turns).

happo123 the Sneak (Vampire Enchanter)              Turns: 3164, Time: 00:10:27

Health: -5/39      AC:  6    Str:  7    XL:     7   Next: 4%
Magic:  7/11       EV: 13    Int: 19    God:
Gold:   232        SH:  0    Dex: 15    Spells: 3/11 levels left

rFire   . . .      SeeInvis +   a - +1 dagger
rCold   + + .      Faith    .   f - orb {guile}
rNeg    + + +      Spirit   .   b - +0 robe
rPois   ∞          Reflect  .   l - +1 helmet
rElec   .          Harm     .   (no cloak)
rCorr   .          Rampage  .   v - +0 pair of gloves
Will    .....                   e - +0 pair of boots
Stlth   ++++++....              i - amulet of regeneration
HPRegen 0.00/turn               (no ring)
MPRegen 0.12/turn               (no ring)

@: bloodless, inhibited regen
A: bloodless, fangs 3, see invisible, vampiric 2
a: Bat Form, Revivify


You were on level 4 of the Dungeon.
You visited 1 branch of the dungeon, and saw 4 of its levels.

You collected 232 gold pieces.

Inventory:

Hand Weapons
 a - a +1 dagger (weapon)
Armour
 b - a +0 robe (worn)
 e - a +0 pair of boots (worn)
 f - an orb of guile (worn)
 l - a +1 helmet (worn)
 v - a +0 pair of gloves (worn)
Jewellery
 i - an amulet of regeneration (around neck)
Wands
 u - a wand of polymorph (5)
Scrolls
 d - 4 scrolls of fear {unknown}
 g - a scroll of magic mapping {unknown}
 j - 6 scrolls of teleportation {unknown}
 k - a scroll of blinking {unknown}
 n - a scroll of summoning {unknown}
 r - a scroll of enchant weapon {unknown}
 s - a scroll of identify {unknown}
 w - a scroll of noise {unknown}
 x - a scroll of vulnerability {unknown}
Potions
 c - 2 potions of invisibility
 h - a potion of curing {unknown}
 m - a potion of heal wounds {unknown}
 o - a potion of resistance {unknown}
 p - a potion of flight {unknown}
 q - a potion of lignification {unknown}
 t - 2 potions of ambrosia {unknown}


   Skills:
 + Level 1.8 Fighting
 + Level 2.7 Short Blades
 + Level 3.4 Dodging
 * Level 7.1 Stealth
 + Level 2.9 Spellcasting
 * Level 6.9 Hexes
 + Level 1.8 Ice Magic


You had 3 spell levels left.
You knew the following spells:

 Your Spells              Type           Power      Damage    Failure   Level
a - Ensorcelled Hibernat  Hex/Ice        38%        N/A       3%          2
b - Confusing Touch       Hex            29%        N/A       2%          3
c - Tukima's Dance        Hex            29%        N/A       2%          3

Your spell library contained the following spells:

 Spells                   Type           Power      Damage    Failure   Level
 Freeze                   Ice            40%        1d6       7%          1
 Dazzling Flash           Conj/Hex       32%        N/A       11%         3
 Frozen Ramparts          Ice            20%        1d4       22%         3
 Hailstorm                Conj/Ice       6%         3d4       71%         4


Dungeon Overview and Level Annotations

Branches:
Dungeon (4/15)
 Temple: D:4-7

Altars:

Annotations:
D:4 Menkaure


Innate Abilities, Weirdness & Mutations

You do not regenerate when monsters are visible.
You are frail without blood (-20% HP).
You can heal yourself when you bite living creatures.
You are immune to poison.
You have razor-sharp teeth.
You have supernaturally acute eyesight. (SInv)
You are afflicted with vampirism and can become a bat while bloodless.


Message History

Aim: a kobold, wielding a +0 dagger and quivering stones (chance to affect: 69%)
The kobold looks drowsy...
The helpless kobold fails to defend itself.
You bite the kobold, and draw its blood!
You skewer the kobold like a kebab!!!
You kill the kobold!
Things that are here:
a +0 dagger; 5 stones Menkaure shouts!
Casting: Ensorcelled Hibernation (safe; 3% risk of failure)
Confirm with . or Enter, or press ? or * to list all spells.
Your hands begin to glow red.
The hound barks!
Menkaure hits you but does no damage.
You hit Menkaure but do no damage.
Menkaure appears confused.
The hound closely misses you.
Menkaure hits the hound!!
The hound is killed!
Menkaure hits himself!
You have reached level 7!
You hit Menkaure but do no damage.
Menkaure is moderately damaged.
You hit Menkaure but do no damage. You bite Menkaure.
Menkaure is heavily damaged.
You hit Menkaure but do no damage. Your bite misses Menkaure.
Menkaure is heavily damaged.
Menkaure hits you!!
Ouch! That really hurt!
You hit Menkaure but do no damage.
Menkaure is heavily damaged.
You hit Menkaure.
Menkaure is heavily damaged.
Menkaure misses you.
You hit Menkaure but do no damage. You bite Menkaure.
Menkaure is severely damaged.
Found a curved smoking staff.
You hit Menkaure but do no damage.
Menkaure is severely damaged.
Menkaure hits you!!
Ouch! That really hurt!
You die...

#........# #..).....#
#........###........#
#..........#........##
#......).#...........##
#####...#########.....#
###.# ####...
######.##### #..#
#......†...## #..#
#....@........ ####...
#..>.M....#### ....##.
#....(....# #####....
#.....................
#..........## ####..
#..........# #.#
#.........|# #.#
#..........# #.# .. #.#


You could see Menkaure (confused).

Vanquished Creatures
  Grinder (D:3)
  A phantom (D:4)
  A scorpion (D:4)
  A hound (D:4)
  Jessica (D:3)
  An iguana (D:4)
  6 adders
  An ufetubus (D:4)
  2 worms (D:3)
  4 dart slugs
  An orc (D:3)
  8 ball pythons
  6 endoplasms
  A giant cockroach (D:2)
  3 goblins
  5 hobgoblins
  2 quokkas
  7 bats
  5 frilled lizards
  9 kobolds
  8 rats
74 creatures vanquished.

Notes
Turn   | Place    | Note
-------+----------+-------------------------------------------
     0 | D:1      | happo123 the Vampire Enchanter began the quest for the Orb.
     0 | D:1      | Reached XP level 1. HP: 13/13 MP: 3/3
    53 | D:1      | Found a faded altar of an unknown god.
   312 | D:1      | Reached XP level 2. HP: 18/19 MP: 5/5
   315 | D:1      | Learned a level 2 spell: Ensorcelled Hibernation
  1132 | D:2      | Reached skill level 5 in Stealth
  1248 | D:2      | Reached skill level 5 in Hexes
  1413 | D:2      | Gained mutation: You are afflicted with vampirism and can
                  | become a bat while bloodless. [Vampire growth]
  1413 | D:2      | Reached XP level 3. HP: 20/20 MP: 1/6
  1417 | D:2      | Learned a level 3 spell: Confusing Touch
  1769 | D:2      | Reached XP level 4. HP: 24/24 MP: 7/7
  1885 | D:3      | Noticed Jessica
  1889 | D:3      | Killed Jessica
  2028 | D:3      | Noticed Grinder
  2035 | D:3      | Paralysed by Grinder for 5 turns
  2049 | D:3      | Killed Grinder
  2050 | D:3      | Reached skill level 1 in Fighting
  2050 | D:3      | Reached skill level 6 in Stealth
  2050 | D:3      | Reached skill level 1 in Ice Magic
  2050 | D:3      | Reached XP level 5. HP: 4/29 MP: 5/9
  2050 | D:3      | Reached XP level 6. HP: 5/34 MP: 5/10
  2054 | D:3      | Learned a level 3 spell: Tukima's Dance
  2762 | D:4      | Reached skill level 7 in Stealth
  3134 | D:4      | Noticed Menkaure
  3156 | D:4      | Reached XP level 7. HP: 39/39 MP: 6/11
  3164 | D:4      | Slain by Menkaure

Illustrated notes

Levels and vault maps discovered:
D:1:      ncdulo_lavacross, layout_basic, serial_rivers,
          chequers_serial_rivers_marsh, chequers_serial_rivers_micro_c,
          chequers_serial_rivers_large_a, chequers_serial_rivers_small_a,
          chequers_serial_rivers_micro_e, chequers_serial_rivers_room_b,
          ebering_ecumenical_altar_box, serial_bayou_ford_a
D:2:      layout_loops_ring, minmay_surrounded
D:3:      layout_loops_ring, item_on_display_b, uniq_jessica, uniq_grinder
D:4:      layout_rooms, uniq_menkaure

Skill      XL: |  1  2  3  4  5  6 |
---------------+-------------------+-----
Stealth        | 5 6 7 |  7.1
Hexes          | 5 6 |  6.9
Fighting       | 1 |  1.8
Short Blades   | 2 |  2.7
Dodging        | 3 |  3.4
Ice Magic      | 1 |  1.8
Spellcasting   | |  2.9

Action                   |  1- 3 |  4- 6 |  7- 9 || total
-------------------------+-------+-------+-------++-------
Melee: Dagger            |    98 |    53 |     7 ||   158
       Bite              |     8 |     5 |     2 ||    15
 Cast: Ensorcelled Hiber |    15 |    14 |       ||    29
       Confusing Touch   |       |     4 |       ||     4
 Abil: Exsanguinate      |     1 |       |       ||     1
 Stab: Sleeping          |    23 |    23 |       ||    46
       Confused          |       |     2 |       ||     2
Armor: Robe              |    19 |    11 |       ||    30
Dodge: Dodged            |    66 |    25 |     1 ||    92

Table legend: (Time is in decaauts)
 A = Elapsed time spent in this place.
 B = Non-inter-level travel time spent in this place.
 C = Inter-level travel time spent in this place.
 D = Time resting spent in this place.
 E = Time spent auto-exploring this place.
 F = Levels seen in this place.
 G = Mean time per level.
                   A        B        C        D        E       F      G
               +--------+--------+--------+--------+--------+-----+--------+
         Total |   3182 |   3000 |    182 |     41 |   2311 |   4 |  795.5 |
       Dungeon |   3182 |   3000 |    182 |     41 |   2311 |   4 |  795.5 |
               +--------+--------+--------+--------+--------+-----+--------+

Top non-repeatable levels by time:
     D:1: 1124 daAuts
     D:3: 789 daAuts
     D:2: 786 daAuts
     D:4: 483 daAuts
